Inferno vs Demolitions
Created - October 13, 2018 at 23:33
Goals
|
Inferno |
3 |
2 |
0 |
5 |
Demolitions |
0 |
0 |
2 |
2 |
|
Shots
|
Inferno |
18 |
15 |
12 |
45 |
Demolitions |
9 |
10 |
13 |
32 |
|
1st period
1. Inferno , Philip Varone 1 (Oliver Bjorkstrand 1, Ryan Spooner 1) at 5:39
2. Inferno , David Savard 1 (Mathieu Brodeur 1, Philip Varone 1) at 14:53
3. Inferno , Bryan Rust 1 (Anders Lee 1, Mathieu Brodeur 2) at 16:43
Penalties :
Jonathan Blum (Vic) for Hooking (Minor) at 0:22, Garnet Hathaway (Vic) for Tripping (Minor) at 8:19
2nd period
4. Inferno , Bryan Rust 2 (Christian Folin 1, Matt Kassian 1) at 3:15
5. Inferno , Matthew Nieto 1 (Esa Lindell 1) at 8:34 (PP)
Penalties :
Kyle Palmieri (Anc) for Interference (Minor) at 0:19, Robert Bortuzzo (Vic) for Hooking (Minor) at 7:52
3rd period
6. Demolitions , Lane MacDermid 1 (Justin Falk 1, Cameron Schilling 1) at 5:41
7. Demolitions , Justin Falk 1 (Lane MacDermid 1, Dmitri Orlov 1) at 19:07
Penalties :
No Penalty
Goalie Stats
Christopher Gibson (Anc), 30 saves from 32 shots - (0.938), W, 1-0-0, 60:00 minutes
Karri Ramo (Vic), 40 saves from 45 shots - (0.889), L, 0-1-0, 60:00 minutes
Players Stats for Inferno
Player Name G A P +/- PIM S H SB GA TA FO MP PP MP PK MP
------------------------------------------------------------------------------------
Anders Lee 0 1 1 1 0 3 4 0 1 0 2/6 17:22 2:28 0:16
Bryan Rust 2 0 2 1 0 6 3 1 0 0 0/0 17:38 2:01 1:13
Christian Folin 0 1 1 1 0 3 1 2 0 0 0/0 24:47 2:07 0:00
Colby Robak 0 0 0 0 0 3 0 0 0 0 0/0 4:57 1:51 0:00
David Savard 1 0 1 0 0 2 3 3 1 1 0/0 24:31 0:04 1:26
Esa Lindell 0 1 1 0 0 3 2 0 0 3 0/0 18:35 2:45 0:45
Greg Pateryn 0 0 0 0 0 2 3 5 0 2 0/0 23:45 2:33 0:40
Kyle Palmieri 0 0 0 0 2 4 1 0 0 1 0/2 19:49 2:28 0:00
Mathieu Brodeur 0 2 2 3 0 0 2 3 0 0 0/0 21:36 0:00 1:07
Matt Kassian 0 1 1 1 0 3 3 1 1 0 0/0 15:57 0:47 0:30
Matthew Nieto 1 0 1 0 0 4 1 1 0 0 0/0 14:32 1:25 0:29
Oliver Bjorkstrand 0 1 1 1 0 1 1 0 0 1 0/0 9:25 0:00 0:00
Philip Varone 1 1 2 1 0 3 1 0 1 0 2/2 11:02 0:51 0:17
Ryan Spooner 0 1 1 1 0 0 1 0 0 0 0/0 9:25 0:00 0:00
Tanner Pearson 0 0 0 0 0 2 2 2 0 0 1/4 19:50 2:28 0:00
Tyler Shattock 0 0 0 0 0 2 0 0 1 0 0/0 12:21 0:11 0:00
Victor Rask 0 0 0 0 0 1 3 0 0 0 0/2 13:34 1:21 0:00
Vladimir Sobotka 0 0 0 0 0 3 2 0 0 0 16/34 18:54 0:00 1:13
Players Stats for Demolitions
Player Name G A P +/- PIM S H SB GA TA FO MP PP MP PK MP
------------------------------------------------------------------------------------
Aaron Palushaj 0 0 0 2 0 0 0 1 0 0 0/0 9:53 0:00 0:00
Andrej Nestrasil 0 0 0 0 0 0 0 1 0 0 0/2 12:30 0:00 0:17
Billy Sweat 0 0 0 0 0 0 1 0 2 0 0/0 12:13 0:00 0:00
Brandon McMillan 0 0 0 0 0 0 0 2 0 1 0/0 13:46 0:43 0:09
Cameron Schilling 0 1 1 0 0 1 1 1 1 0 0/0 22:18 0:00 2:33
Corban Knight 0 0 0 0 0 1 3 0 0 0 4/6 15:06 0:43 1:48
Dmitri Orlov 0 1 1 -1 0 0 0 1 0 2 0/0 13:33 0:33 0:50
Erik Cole 0 0 0 -4 0 3 1 0 0 0 1/1 22:12 1:16 2:35
Garnet Hathaway 0 0 0 -4 2 2 2 1 0 0 1/3 20:21 1:14 0:53
Joel Vermin 0 0 0 0 0 0 1 0 0 0 1/1 12:58 0:45 0:00
Jonathan Blum 0 0 0 -1 2 4 2 2 2 1 0/0 24:34 1:27 1:17
Justin Falk 1 1 2 0 0 4 1 5 3 0 0/0 23:34 0:32 2:33
Lane MacDermid 1 1 2 2 0 2 2 0 0 0 0/0 10:56 0:00 1:03
Michael Latta 0 0 0 -4 0 9 1 0 0 0 20/35 22:12 1:16 2:35
Nick Shore 0 0 0 2 0 0 0 0 0 0 1/1 9:53 0:00 0:00
Robert Bortuzzo 0 0 0 -1 2 0 3 5 0 1 0/0 11:00 0:00 0:00
Seth Helgeson 0 0 0 -1 0 2 0 0 0 0 0/0 25:24 1:26 2:07
Spencer Machacek 0 0 0 0 0 4 5 0 0 0 1/1 12:54 0:00 0:00
3 Stars
1 - Bryan Rust (Anc)
2 - Mathieu Brodeur (Anc)
3 - Philip Varone (Anc)
Power Play
Inferno - 1 on 3 Attempt(s) - 33.33%
Demolitions - 0 on 1 Attempt(s) - 0.00%
Penalty Kill
Inferno - 1 on 1 Attempt(s) - 100.00%
- Score 0 goal in Penalty Kill
Demolitions - 2 on 3 Attempt(s) - 66.67%
- Score 0 goal in Penalty Kill
Team Stat
Inferno - Hits : 33 - Faceoff Wins : 21 - Blocked Shots : 18 - Penalty Minutes : 2
Demolitions - Hits : 23 - Faceoff Wins : 29 - Blocked Shots : 19 - Penalty Minutes : 6
Official
Referees : Unknown
Linesman : Unknown
Game Notes
Colby Robak is injured at 11:33 of 1st period (Strained Right Elbow)
Finance
Level 1 -- Attendance: 1586 (79.30%) -- Ticket Income $50,752
Level 2 -- Attendance: 701 (70.10%) -- Ticket Income $9,113
Total Attendance: 2287 (76.23%)
Total Ticket Income: $59,865
Other Income: $2,993
Total Income: $62,858
Inferno
5 vs 5 Forward
Center Left Wing Right Wing Time % Phy DF OF
1 Vladimir Sobotka Tanner Pearson Kyle Palmieri 40 1 2 2
2 Anders Lee Matt Kassian Bryan Rust 30 1 2 2
3 Victor Rask Matthew Nieto Tyler Shattock 20 1 2 2
4 Philip Varone Ryan Spooner Oliver Bjorkstrand 10 1 2 2
5 vs 5 Defense
Defense Defense Time % Phy DF OF
1 Colby Robak David Savard 40 1 2 2
2 Mathieu Brodeur Christian Folin 30 1 2 2
3 Esa Lindell Greg Pateryn 20 1 2 2
4 Mathieu Brodeur David Savard 10 1 2 2
PowerPlay Forward
Center Left Wing Right Wing Time % Phy DF OF
1 Anders Lee Tanner Pearson Kyle Palmieri 60 1 2 2
2 Victor Rask Matthew Nieto Bryan Rust 40 1 2 2
PowerPlay Defense
Defense Defense Time % Phy DF OF
1 Esa Lindell Christian Folin 60 1 2 2
2 Colby Robak Greg Pateryn 40 1 2 2
Penalty Kill 4 Players Forward
Center Wing Time % Phy DF OF
1 Vladimir Sobotka Bryan Rust 60 1 2 2
2 Philip Varone Matt Kassian 40 1 2 2
Penalty Kill 4 Players Defense
Defense Defense Time % Phy DF OF
1 Colby Robak David Savard 60 1 2 2
2 Mathieu Brodeur Greg Pateryn 40 1 2 2
Penalty Kill - 3 Players Forward
Forward Time % Phy DF OF
1 Vladimir Sobotka 60 1 2 2
2 Bryan Rust 40 1 2 2
Penalty Kill - 3 Players Defense
Defense Defense Time % Phy DF OF
1 Greg Pateryn David Savard 60 1 2 2
2 Mathieu Brodeur Greg Pateryn 40 1 2 2
4 vs 4 Forward
Center Wing Time % Phy DF OF
1 Vladimir Sobotka Tanner Pearson 60 1 2 2
2 Anders Lee Kyle Palmieri 40 1 2 2
4 vs 4 Defense
Defense Defense Time % Phy DF OF
1 Colby Robak David Savard 60 1 2 2
2 Mathieu Brodeur Christian Folin 40 1 2 2
Last Minutes Offensive
Center Left Wing Right Wing Defense Defense
Anders Lee Tanner Pearson Kyle Palmieri Colby Robak David Savard
Last Minutes Defensive
Center Left Wing Right Wing Defense Defense
Vladimir Sobotka Matt Kassian Bryan Rust Colby Robak David Savard
Goaltenders
Starting : Christopher Gibson
Backup : Michael Hutchinson
Extra Forwards
Normal : Anders Lee, Kyle Palmieri, Bryan Rust - PP : Tanner Pearson, Bryan Rust - PK : Matt Kassian
Extra Defensemen
Normal : Christian Folin, Greg Pateryn, Mathieu Brodeur - PP : Greg Pateryn - PK : Mathieu Brodeur, Greg Pateryn
Penalty Shots
Anders Lee, Tanner Pearson, Oliver Bjorkstrand, Victor Rask, Kyle Palmieri
Scratches
Chris Brown (Healthy), Frank Corrado (Healthy), Joakim Nordstrom (Healthy), Trevor Carrick (Healthy), Petteri Lindbohm (Healthy)
Daniil Tarasov (Healthy), Peter Cehlarik (Healthy), John Gilmour (Healthy), Branden Troock (Healthy), Vladimir Zharkov (Healthy)
Simon Danis-Pepin (Healthy), Luca Sbisa (Healthy), Nathan Lieuwen (Healthy)
Demolitions
5 vs 5 Forward
Center Left Wing Right Wing Time % Phy DF OF
1 Michael Latta Erik Cole Garnet Hathaway 54 0 0 5
2 Corban Knight Brandon McMillan Spencer Machacek 31 0 2 3
3 Andrej Nestrasil Billy Sweat Joel Vermin 10 0 3 2
4 Nick Shore Lane MacDermid Aaron Palushaj 5 0 3 2
5 vs 5 Defense
Defense Defense Time % Phy DF OF
1 Jonathan Blum Seth Helgeson 53 0 1 4
2 Cameron Schilling Justin Falk 34 0 0 5
3 Robert Bortuzzo Dmitri Orlov 10 0 3 2
4 Jonathan Blum Justin Falk 3 0 3 2
PowerPlay Forward
Center Left Wing Right Wing Time % Phy DF OF
1 Michael Latta Erik Cole Garnet Hathaway 60 0 0 5
2 Corban Knight Brandon McMillan Garnet Hathaway 40 0 0 5
PowerPlay Defense
Defense Defense Time % Phy DF OF
1 Jonathan Blum Seth Helgeson 60 0 0 5
2 Seth Helgeson Justin Falk 40 0 0 5
Penalty Kill 4 Players Forward
Center Wing Time % Phy DF OF
1 Michael Latta Erik Cole 60 1 2 2
2 Corban Knight Garnet Hathaway 40 1 2 2
Penalty Kill 4 Players Defense
Defense Defense Time % Phy DF OF
1 Justin Falk Cameron Schilling 60 1 2 2
2 Seth Helgeson Jonathan Blum 40 1 2 2
Penalty Kill - 3 Players Forward
Forward Time % Phy DF OF
1 Michael Latta 60 1 2 2
2 Erik Cole 40 1 2 2
Penalty Kill - 3 Players Defense
Defense Defense Time % Phy DF OF
1 Justin Falk Cameron Schilling 60 1 2 2
2 Cameron Schilling Jonathan Blum 40 1 2 2
4 vs 4 Forward
Center Wing Time % Phy DF OF
1 Michael Latta Garnet Hathaway 60 1 2 2
2 Corban Knight Spencer Machacek 40 1 2 2
4 vs 4 Defense
Defense Defense Time % Phy DF OF
1 Jonathan Blum Seth Helgeson 60 1 2 2
2 Cameron Schilling Justin Falk 40 1 2 2
Last Minutes Offensive
Center Left Wing Right Wing Defense Defense
Michael Latta Erik Cole Garnet Hathaway Jonathan Blum Seth Helgeson
Last Minutes Defensive
Center Left Wing Right Wing Defense Defense
Michael Latta Erik Cole Garnet Hathaway Jonathan Blum Justin Falk
Goaltenders
Starting : Karri Ramo
Backup : Connor Hellebyuk
Extra Forwards
Normal : Garnet Hathaway, Erik Cole, Michael Latta - PP : Garnet Hathaway, Erik Cole - PK : Michael Latta
Extra Defensemen
Normal : Jonathan Blum, Cameron Schilling, Dmitri Orlov - PP : Jonathan Blum - PK : Justin Falk, Cameron Schilling
Penalty Shots
Spencer Machacek, Brandon McMillan, Michael Latta, Garnet Hathaway, Erik Cole
Scratches
Alex Hutchings (Healthy), Ryan Olsen (Healthy), Thomas DiPauli (Healthy), JC Lipon (Healthy), Derek Forbort (Healthy)
Taylor Aronson (Healthy), Taylor Leier (Healthy), Colton Sceviour (Healthy), Nick Pryor (Healthy), Olivier Roy (Healthy)
Jake Paterson (Healthy)
% Time on Ice - Inferno
Lines # - Real PCT - Wanted PCT - Time Play
Normal Forward
1 - 33% - 40% - 17:40
2 - 27% - 30% - 14:24
3 - 22% - 20% - 11:52
4 - 18% - 10% - 9:25
Normal Defense
1 - 45% - 40% - 23:50
2 - 29% - 30% - 15:31
3 - 21% - 20% - 11:13
4 - 5% - 10% - 2:47
PP Forward
1 - 54% - 60% - 2:30
2 - 46% - 40% - 2:10
PP Defense
1 - 45% - 60% - 2:07
2 - 55% - 40% - 2:33
PK Forward
1 - 86% - 60% - 1:42
2 - 14% - 40% - 0:17
PK Defense
1 - 100% - 60% - 1:59
2 - 0% - 40% - 0:00
PK3 Forward
1 - 0% - 60%
2 - 0% - 40%
PK3 Defense
1 - 0% - 60%
2 - 0% - 40%
44 Forward
1 - 0% - 60%
2 - 0% - 40%
44 Defense
1 - 0% - 60%
2 - 0% - 40%
Last Minute Offensive - 0:00
Last Minute Defensive - 0:00
Total
Forward - 60:00
Defense - 60:00
|
% Time on Ice - Demolitions
Lines # - Real PCT - Wanted PCT - Time Play
Normal Forward
1 - 34% - 54% - 18:21
2 - 24% - 31% - 12:54
3 - 23% - 10% - 12:13
4 - 19% - 5% - 9:53
Normal Defense
1 - 40% - 53% - 21:18
2 - 39% - 34% - 21:02
3 - 21% - 10% - 11:01
4 - 0% - 3% - 0:00
PP Forward
1 - 64% - 60% - 1:16
2 - 36% - 40% - 0:43
PP Defense
1 - 73% - 60% - 1:27
2 - 27% - 40% - 0:32
PK Forward
1 - 69% - 60% - 3:12
2 - 31% - 40% - 1:28
PK Defense
1 - 55% - 60% - 2:33
2 - 45% - 40% - 2:07
PK3 Forward
1 - 0% - 60%
2 - 0% - 40%
PK3 Defense
1 - 0% - 60%
2 - 0% - 40%
44 Forward
1 - 0% - 60%
2 - 0% - 40%
44 Defense
1 - 0% - 60%
2 - 0% - 40%
Last Minute Offensive - 0:00
Last Minute Defensive - 0:00
Total
Forward - 60:00
Defense - 60:00
|
Play by Play
1st period
0:01 of 1st period - Vladimir Sobotka wins face-off versus Michael Latta in neutral zone.
0:22 of 1st period - Minor Penalty to Jonathan Blum for Hooking.
0:23 of 1st period - Michael Latta wins face-off versus Anders Lee in Demolitions zone.
2:22 of 1st period - Penalty to Jonathan Blum is over, Jonathan Blum is back on ice.
2:31 of 1st period - Seth Helgeson is hit by Greg Pateryn and loses puck.
2:46 of 1st period - Wrist shot by Jonathan Blum.
2:46 of 1st period - Stopped by Christopher Gibson without a rebound.
2:47 of 1st period - Philip Varone wins face-off versus Andrej Nestrasil in Inferno zone.
4:00 of 1st period - Wrist shot by Anders Lee.
4:00 of 1st period - Shot Misses the Net.
4:14 of 1st period - Jonathan Blum is hit by Oliver Bjorkstrand.
5:39 of 1st period - Wrist shot by Philip Varone.
5:39 of 1st period - Goal by Philip Varone - Inferno : 1 - Demolitions : 0.
5:40 of 1st period - Michael Latta wins face-off versus Vladimir Sobotka in neutral zone.
6:05 of 1st period - Matt Kassian is hit by Corban Knight and loses puck.
6:14 of 1st period - Wrist shot by Corban Knight.
6:14 of 1st period - Shot Misses the Net.
6:27 of 1st period - Slapshot by Colby Robak.
6:27 of 1st period - Deflect By Matthew Nieto.
6:27 of 1st period - Shot Misses the Net.
6:27 of 1st period - Puck is out of play.
6:28 of 1st period - Joel Vermin wins face-off versus Victor Rask in Demolitions zone.
6:33 of 1st period - Greg Pateryn is hit by Joel Vermin and loses puck.
6:56 of 1st period - Slapshot by Tyler Shattock.
6:56 of 1st period - Shot Misses the Net.
6:58 of 1st period - Wrist shot by Mathieu Brodeur.
6:58 of 1st period - Shot Misses the Net.
7:14 of 1st period - Slapshot by Colby Robak.
7:14 of 1st period - Shot Misses the Net.
7:16 of 1st period - Snap shot by Tyler Shattock.
7:16 of 1st period - Stopped by Karri Ramo with a rebound.
7:22 of 1st period - Wrist shot by Matthew Nieto.
7:22 of 1st period - Shot Misses the Net.
7:42 of 1st period - Snap shot by Matthew Nieto.
7:42 of 1st period - Stopped by Karri Ramo with a rebound.
7:44 of 1st period - Backhand shot by Greg Pateryn.
7:44 of 1st period - Stopped by Karri Ramo with a rebound.
7:46 of 1st period - Slapshot by Christian Folin.
7:46 of 1st period - Shot Blocked by Robert Bortuzzo.
7:50 of 1st period - Snap shot by Matthew Nieto.
7:50 of 1st period - Shot Misses the Net.
8:10 of 1st period - Slapshot by Colby Robak.
8:10 of 1st period - Stopped by Karri Ramo with a rebound.
8:12 of 1st period - Snap shot by Matthew Nieto.
8:12 of 1st period - Shot Misses the Net.
8:14 of 1st period - Wrist shot by Colby Robak.
8:14 of 1st period - Stopped by Karri Ramo with a rebound.
8:16 of 1st period - Slapshot by Colby Robak.
8:16 of 1st period - Stopped by Karri Ramo without a rebound.
8:17 of 1st period - Michael Latta wins face-off versus Vladimir Sobotka in Demolitions zone.
8:19 of 1st period - Minor Penalty to Garnet Hathaway for Tripping.
8:20 of 1st period - Michael Latta wins face-off versus Anders Lee in Demolitions zone.
9:10 of 1st period - Wrist shot by Matt Kassian.
9:10 of 1st period - Stopped by Karri Ramo with a rebound.
9:32 of 1st period - Jonathan Blum is hit by Matt Kassian and loses puck.
10:19 of 1st period - Penalty to Garnet Hathaway is over, Garnet Hathaway is back on ice.
10:32 of 1st period - Brandon McMillan is hit by Ryan Spooner.
10:50 of 1st period - Esa Lindell is hit by Robert Bortuzzo and loses puck.
11:17 of 1st period - David Savard is hit by Spencer Machacek and loses puck.
11:32 of 1st period - Colby Robak is hit by Garnet Hathaway and loses puck.
11:33 of 1st period - Colby Robak from Inferno is injured at 11:33 of 1st period (Strained Right Elbow).
11:34 of 1st period - Vladimir Sobotka wins face-off versus Garnet Hathaway in Inferno zone.
11:49 of 1st period - Wrist shot by Kyle Palmieri.
11:49 of 1st period - Shot Blocked by Jonathan Blum.
12:01 of 1st period - Mathieu Brodeur is hit by Spencer Machacek and loses puck.
12:24 of 1st period - Slapshot by Jonathan Blum.
12:24 of 1st period - Stopped by Christopher Gibson with a rebound.
12:30 of 1st period - Aaron Palushaj is hit by Greg Pateryn and loses puck.
13:02 of 1st period - Snap shot by Lane MacDermid.
13:02 of 1st period - Shot Misses the Net.
13:04 of 1st period - Backhand shot by Cameron Schilling.
13:04 of 1st period - Shot Blocked by Greg Pateryn.
13:22 of 1st period - Slapshot by Esa Lindell.
13:22 of 1st period - Stopped by Karri Ramo with a rebound.
13:35 of 1st period - Christian Folin is hit by Robert Bortuzzo and loses puck.
13:52 of 1st period - Dmitri Orlov is hit by Victor Rask and loses puck.
13:59 of 1st period - Wrist shot by Robert Bortuzzo.
13:59 of 1st period - Deflect By Lane MacDermid.
13:59 of 1st period - Shot Misses the Net.
13:59 of 1st period - Puck is out of play.
14:00 of 1st period - Michael Latta wins face-off versus Vladimir Sobotka in Inferno zone.
14:11 of 1st period - Snap shot by Tanner Pearson.
14:11 of 1st period - Stopped by Karri Ramo with a rebound.
14:35 of 1st period - Snap shot by Bryan Rust.
14:35 of 1st period - Stopped by Karri Ramo with a rebound.
14:37 of 1st period - Snap shot by Matt Kassian.
14:37 of 1st period - Shot Blocked by Justin Falk.
14:39 of 1st period - Slapshot by Christian Folin.
14:39 of 1st period - Stopped by Karri Ramo with a rebound.
14:49 of 1st period - Snap shot by Philip Varone.
14:49 of 1st period - Stopped by Karri Ramo with a rebound.
14:51 of 1st period - Slapshot by Mathieu Brodeur.
14:51 of 1st period - Shot Blocked by Justin Falk.
14:53 of 1st period - Slapshot by David Savard.
14:53 of 1st period - Goal by David Savard - Inferno : 2 - Demolitions : 0.
14:54 of 1st period - Corban Knight wins face-off versus Vladimir Sobotka in neutral zone.
14:54 of 1st period - Spencer Machacek is hit by Vladimir Sobotka and loses puck.
15:25 of 1st period - Snap shot by Bryan Rust.
15:25 of 1st period - Stopped by Karri Ramo with a rebound.
15:44 of 1st period - Michael Latta is hit by Philip Varone and loses puck.
15:59 of 1st period - Brandon McMillan is hit by Vladimir Sobotka and loses puck.
16:21 of 1st period - Snap shot by Billy Sweat.
16:21 of 1st period - Shot Misses the Net.
16:41 of 1st period - Snap shot by Anders Lee.
16:41 of 1st period - Stopped by Karri Ramo with a rebound.
16:43 of 1st period - Wrist shot by Bryan Rust.
16:43 of 1st period - Goal by Bryan Rust - Inferno : 3 - Demolitions : 0.
16:44 of 1st period - Michael Latta wins face-off versus Vladimir Sobotka in neutral zone.
16:49 of 1st period - Snap shot by Michael Latta.
16:49 of 1st period - Stopped by Christopher Gibson without a rebound.
16:50 of 1st period - Vladimir Sobotka wins face-off versus Michael Latta in Inferno zone.
17:17 of 1st period - Slapshot by Spencer Machacek.
17:17 of 1st period - Stopped by Christopher Gibson with a rebound.
17:55 of 1st period - Lane MacDermid is hit by David Savard and loses puck.
18:02 of 1st period - Snap shot by Kyle Palmieri.
18:02 of 1st period - Stopped by Karri Ramo with a rebound.
18:12 of 1st period - Lane MacDermid is hit by Anders Lee and loses puck.
18:17 of 1st period - Snap shot by Anders Lee.
18:17 of 1st period - Shot Misses the Net.
18:31 of 1st period - Wrist shot by Justin Falk.
18:31 of 1st period - Deflect By Michael Latta.
18:31 of 1st period - Shot Misses the Net.
18:31 of 1st period - Puck is out of play.
18:32 of 1st period - Michael Latta wins face-off versus Victor Rask in Inferno zone.
18:57 of 1st period - Erik Cole is hit by Anders Lee.
19:22 of 1st period - Garnet Hathaway is hit by Tanner Pearson.
19:32 of 1st period - Snap shot by Erik Cole.
19:32 of 1st period - Shot Misses the Net.
19:34 of 1st period - Slapshot by Garnet Hathaway.
19:34 of 1st period - Stopped by Christopher Gibson with a rebound.
19:36 of 1st period - Slapshot by Cameron Schilling.
19:36 of 1st period - Deflect By Michael Latta.
19:36 of 1st period - Stopped by Christopher Gibson with a rebound.
19:38 of 1st period - Snap shot by Michael Latta.
19:38 of 1st period - Stopped by Christopher Gibson with a rebound.
19:55 of 1st period - Snap shot by Garnet Hathaway.
19:55 of 1st period - Deflect By Erik Cole.
19:55 of 1st period - Stopped by Christopher Gibson with a rebound.
19:57 of 1st period - Snap shot by Erik Cole.
19:57 of 1st period - Stopped by Christopher Gibson with a rebound.
19:59 of 1st period - Snap shot by Erik Cole.
19:59 of 1st period - Shot Misses the Net.
Goals for this period are 3 for Inferno vs 0 for Demolitions.
Shots for this period are 18 for Inferno vs 9 for Demolitions.
2nd period
0:01 of 2nd period - Michael Latta wins face-off versus Kyle Palmieri in neutral zone.
0:06 of 2nd period - Wrist shot by Michael Latta.
0:06 of 2nd period - Stopped by Christopher Gibson without a rebound.
0:07 of 2nd period - Tanner Pearson wins face-off versus Michael Latta in Inferno zone.
0:19 of 2nd period - Minor Penalty to Kyle Palmieri for Interference.
0:20 of 2nd period - Vladimir Sobotka wins face-off versus Michael Latta in Inferno zone.
0:26 of 2nd period - Slapshot by David Savard.
0:26 of 2nd period - Deflect By Vladimir Sobotka.
0:26 of 2nd period - Shot Misses the Net.
0:26 of 2nd period - Puck is out of play.
0:27 of 2nd period - Vladimir Sobotka wins face-off versus Michael Latta in Demolitions zone.
0:30 of 2nd period - Wrist shot by Bryan Rust.
0:30 of 2nd period - Stopped by Karri Ramo with a rebound.
0:48 of 2nd period - Snap shot by Michael Latta.
0:48 of 2nd period - Deflect By Mathieu Brodeur.
0:48 of 2nd period - Stopped by Christopher Gibson with a rebound.
0:50 of 2nd period - Slapshot by Jonathan Blum.
0:50 of 2nd period - Shot Misses the Net.
0:52 of 2nd period - Slapshot by Seth Helgeson.
0:52 of 2nd period - Stopped by Christopher Gibson without a rebound.
0:53 of 2nd period - Corban Knight wins face-off versus Vladimir Sobotka in Inferno zone.
1:18 of 2nd period - Vladimir Sobotka is hit by Garnet Hathaway and loses puck.
1:39 of 2nd period - Seth Helgeson is hit by Matthew Nieto and loses puck.
2:19 of 2nd period - Penalty to Kyle Palmieri is over, Kyle Palmieri is back on ice.
2:26 of 2nd period - Justin Falk is hit by Esa Lindell and loses puck.
2:33 of 2nd period - Slapshot by Ryan Spooner.
2:33 of 2nd period - Shot Misses the Net.
3:15 of 2nd period - Wrist shot by Bryan Rust.
3:15 of 2nd period - Goal by Bryan Rust - Inferno : 4 - Demolitions : 0.
3:16 of 2nd period - Michael Latta wins face-off versus Vladimir Sobotka in neutral zone.
3:42 of 2nd period - David Savard is hit by Spencer Machacek and loses puck.
4:02 of 2nd period - Slapshot by Jonathan Blum.
4:02 of 2nd period - Shot Blocked by Greg Pateryn.
4:13 of 2nd period - Billy Sweat is hit by Victor Rask and loses puck.
4:50 of 2nd period - Backhand shot by Kyle Palmieri.
4:50 of 2nd period - Stopped by Karri Ramo with a rebound.
4:52 of 2nd period - Wrist shot by Christian Folin.
4:52 of 2nd period - Stopped by Karri Ramo with a rebound.
4:54 of 2nd period - Slapshot by Christian Folin.
4:54 of 2nd period - Stopped by Karri Ramo without a rebound.
4:55 of 2nd period - Michael Latta wins face-off versus Vladimir Sobotka in Demolitions zone.
5:10 of 2nd period - Snap shot by Vladimir Sobotka.
5:10 of 2nd period - Shot Misses the Net.
5:39 of 2nd period - Slapshot by Spencer Machacek.
5:39 of 2nd period - Stopped by Christopher Gibson with a rebound.
6:59 of 2nd period - Cameron Schilling is hit by Esa Lindell and loses puck.
7:36 of 2nd period - Snap shot by Ryan Spooner.
7:36 of 2nd period - Shot Blocked by Brandon McMillan.
7:38 of 2nd period - Snap shot by Philip Varone.
7:38 of 2nd period - Stopped by Karri Ramo with a rebound.
7:40 of 2nd period - Slapshot by Esa Lindell.
7:40 of 2nd period - Shot Blocked by Robert Bortuzzo.
7:42 of 2nd period - Slapshot by Mathieu Brodeur.
7:42 of 2nd period - Shot Blocked by Brandon McMillan.
7:46 of 2nd period - Snap shot by Philip Varone.
7:46 of 2nd period - Shot Misses the Net.
7:52 of 2nd period - Minor Penalty to Robert Bortuzzo for Hooking.
7:53 of 2nd period - Anders Lee wins face-off versus Michael Latta in Demolitions zone.
8:13 of 2nd period - Tanner Pearson is hit by Erik Cole and loses puck.
8:29 of 2nd period - Erik Cole is hit by Bryan Rust and loses puck.
8:34 of 2nd period - Snap shot by Matthew Nieto.
8:34 of 2nd period - Goal by Matthew Nieto - Inferno : 5 - Demolitions : 0.
8:35 of 2nd period - Vladimir Sobotka wins face-off versus Corban Knight in neutral zone.
8:47 of 2nd period - Wrist shot by Spencer Machacek.
8:47 of 2nd period - Shot Misses the Net.
9:26 of 2nd period - Billy Sweat is hit by Mathieu Brodeur and loses puck.
9:35 of 2nd period - Snap shot by Tyler Shattock.
9:35 of 2nd period - Shot Misses the Net.
9:37 of 2nd period - Snap shot by Victor Rask.
9:37 of 2nd period - Stopped by Karri Ramo with a rebound.
9:51 of 2nd period - Snap shot by Esa Lindell.
9:51 of 2nd period - Stopped by Karri Ramo with a rebound.
10:01 of 2nd period - Greg Pateryn is hit by Cameron Schilling and loses puck.
10:42 of 2nd period - Snap shot by Philip Varone.
10:42 of 2nd period - Shot Misses the Net.
10:44 of 2nd period - Slapshot by Greg Pateryn.
10:44 of 2nd period - Shot Misses the Net.
10:46 of 2nd period - Slapshot by Esa Lindell.
10:46 of 2nd period - Shot Blocked by Aaron Palushaj.
10:48 of 2nd period - Slapshot by Greg Pateryn.
10:48 of 2nd period - Stopped by Karri Ramo without a rebound.
10:49 of 2nd period - Michael Latta wins face-off versus Vladimir Sobotka in Demolitions zone.
11:00 of 2nd period - Snap shot by Michael Latta.
11:00 of 2nd period - Shot Misses the Net.
11:14 of 2nd period - Seth Helgeson is hit by Anders Lee.
11:26 of 2nd period - Slapshot by Christian Folin.
11:26 of 2nd period - Shot Blocked by Jonathan Blum.
11:40 of 2nd period - Slapshot by Tyler Shattock.
11:40 of 2nd period - Stopped by Karri Ramo with a rebound.
11:56 of 2nd period - Erik Cole is hit by David Savard and loses puck.
12:17 of 2nd period - Anders Lee is hit by Corban Knight and loses puck.
12:33 of 2nd period - David Savard is hit by Robert Bortuzzo and loses puck.
13:13 of 2nd period - Wrist shot by Justin Falk.
13:13 of 2nd period - Stopped by Christopher Gibson without a rebound.
13:14 of 2nd period - Michael Latta wins face-off versus Anders Lee in Inferno zone.
13:17 of 2nd period - Snap shot by Michael Latta.
13:17 of 2nd period - Stopped by Christopher Gibson with a rebound.
13:19 of 2nd period - Snap shot by Michael Latta.
13:19 of 2nd period - Shot Misses the Net.
13:21 of 2nd period - Snap shot by Erik Cole.
13:21 of 2nd period - Stopped by Christopher Gibson without a rebound.
13:22 of 2nd period - Erik Cole wins face-off versus Tanner Pearson in Inferno zone.
13:31 of 2nd period - Wrist shot by Erik Cole.
13:31 of 2nd period - Shot Misses the Net.
14:10 of 2nd period - Snap shot by Lane MacDermid.
14:10 of 2nd period - Shot Misses the Net.
14:20 of 2nd period - Slapshot by Matthew Nieto.
14:20 of 2nd period - Shot Blocked by Justin Falk.
14:36 of 2nd period - Snap shot by Garnet Hathaway.
14:36 of 2nd period - Shot Blocked by Greg Pateryn.
14:38 of 2nd period - Slapshot by Justin Falk.
14:38 of 2nd period - Stopped by Christopher Gibson without a rebound.
14:39 of 2nd period - Philip Varone wins face-off versus Michael Latta in Inferno zone.
14:43 of 2nd period - Off-side.
14:44 of 2nd period - Michael Latta wins face-off versus Vladimir Sobotka in neutral zone.
15:12 of 2nd period - Icing by Bryan Rust.
15:13 of 2nd period - Corban Knight wins face-off versus Anders Lee in Inferno zone.
15:16 of 2nd period - Snap shot by Spencer Machacek.
15:16 of 2nd period - Shot Misses the Net.
15:26 of 2nd period - Snap shot by Matt Kassian.
15:26 of 2nd period - Shot Blocked by Justin Falk.
15:28 of 2nd period - Snap shot by Matt Kassian.
15:28 of 2nd period - Shot Misses the Net.
15:30 of 2nd period - Snap shot by Matt Kassian.
15:30 of 2nd period - Shot Blocked by Justin Falk.
16:07 of 2nd period - Slapshot by Matt Kassian.
16:07 of 2nd period - Stopped by Karri Ramo with a rebound.
16:09 of 2nd period - Wrist shot by Matt Kassian.
16:09 of 2nd period - Stopped by Karri Ramo with a rebound.
16:11 of 2nd period - Snap shot by Anders Lee.
16:11 of 2nd period - Stopped by Karri Ramo without a rebound.
16:12 of 2nd period - Vladimir Sobotka wins face-off versus Michael Latta in Demolitions zone.
16:23 of 2nd period - Wrist shot by Kyle Palmieri.
16:23 of 2nd period - Shot Misses the Net.
16:25 of 2nd period - Snap shot by Tanner Pearson.
16:25 of 2nd period - Shot Misses the Net.
16:27 of 2nd period - Slapshot by Kyle Palmieri.
16:27 of 2nd period - Stopped by Karri Ramo without a rebound.
16:28 of 2nd period - Michael Latta wins face-off versus Vladimir Sobotka in Demolitions zone.
16:28 of 2nd period - Michael Latta is hit by Tanner Pearson.
16:42 of 2nd period - Snap shot by Kyle Palmieri.
16:42 of 2nd period - Shot Misses the Net.
17:30 of 2nd period - Slapshot by Seth Helgeson.
17:30 of 2nd period - Shot Blocked by David Savard.
17:36 of 2nd period - Seth Helgeson is hit by Bryan Rust and loses puck.
18:02 of 2nd period - Off-side.
18:03 of 2nd period - Michael Latta wins face-off versus Vladimir Sobotka in neutral zone.
18:08 of 2nd period - Wrist shot by Michael Latta.
18:08 of 2nd period - Shot Misses the Net.
18:14 of 2nd period - Slapshot by Christian Folin.
18:14 of 2nd period - Shot Blocked by Cameron Schilling.
18:32 of 2nd period - Slapshot by Cameron Schilling.
18:32 of 2nd period - Shot Blocked by Mathieu Brodeur.
18:34 of 2nd period - Backhand shot by Spencer Machacek.
18:34 of 2nd period - Stopped by Christopher Gibson with a rebound.
18:36 of 2nd period - Slapshot by Cameron Schilling.
18:36 of 2nd period - Shot Misses the Net.
18:38 of 2nd period - Slapshot by Cameron Schilling.
18:38 of 2nd period - Deflect By Matt Kassian.
18:38 of 2nd period - Stopped by Christopher Gibson without a rebound.
18:39 of 2nd period - Michael Latta wins face-off versus Vladimir Sobotka in Inferno zone.
18:42 of 2nd period - Wrist shot by Michael Latta.
18:42 of 2nd period - Shot Blocked by Christian Folin.
19:04 of 2nd period - Dmitri Orlov is hit by Anders Lee.
19:12 of 2nd period - Slapshot by Esa Lindell.
19:12 of 2nd period - Shot Misses the Net.
19:14 of 2nd period - Slapshot by Anders Lee.
19:14 of 2nd period - Shot Blocked by Robert Bortuzzo.
19:51 of 2nd period - Snap shot by Michael Latta.
19:51 of 2nd period - Shot Blocked by David Savard.
Goals for this period are 2 for Inferno vs 0 for Demolitions.
Shots for this period are 15 for Inferno vs 10 for Demolitions.
3rd period
0:01 of 3rd period - Vladimir Sobotka wins face-off versus Michael Latta in neutral zone.
0:12 of 3rd period - Wrist shot by Kyle Palmieri.
0:12 of 3rd period - Deflect By Vladimir Sobotka.
0:12 of 3rd period - Stopped by Karri Ramo without a rebound.
0:13 of 3rd period - Michael Latta wins face-off versus Tanner Pearson in Demolitions zone.
1:07 of 3rd period - Cameron Schilling is hit by Greg Pateryn and loses puck.
1:21 of 3rd period - Tanner Pearson is hit by Lane MacDermid and loses puck.
1:40 of 3rd period - Snap shot by Erik Cole.
1:40 of 3rd period - Shot Blocked by Greg Pateryn.
1:42 of 3rd period - Slapshot by Dmitri Orlov.
1:42 of 3rd period - Shot Blocked by Matt Kassian.
1:44 of 3rd period - Slapshot by Robert Bortuzzo.
1:44 of 3rd period - Shot Blocked by Bryan Rust.
2:41 of 3rd period - Wrist shot by Kyle Palmieri.
2:41 of 3rd period - Stopped by Karri Ramo without a rebound.
2:42 of 3rd period - Nick Shore wins face-off versus Vladimir Sobotka in Demolitions zone.
2:48 of 3rd period - Off-side.
2:49 of 3rd period - Vladimir Sobotka wins face-off versus Michael Latta in neutral zone.
2:52 of 3rd period - Snap shot by David Savard.
2:52 of 3rd period - Deflect By Cameron Schilling.
2:52 of 3rd period - Stopped by Karri Ramo with a rebound.
3:26 of 3rd period - Off-side.
3:27 of 3rd period - Vladimir Sobotka wins face-off versus Andrej Nestrasil in neutral zone.
3:59 of 3rd period - Slapshot by Vladimir Sobotka.
3:59 of 3rd period - Stopped by Karri Ramo with a rebound.
4:01 of 3rd period - Slapshot by David Savard.
4:01 of 3rd period - Shot Misses the Net.
4:03 of 3rd period - Slapshot by Tanner Pearson.
4:03 of 3rd period - Shot Misses the Net.
4:05 of 3rd period - Snap shot by Tanner Pearson.
4:05 of 3rd period - Shot Misses the Net.
4:07 of 3rd period - Snap shot by Tanner Pearson.
4:07 of 3rd period - Stopped by Karri Ramo without a rebound.
4:08 of 3rd period - Anders Lee wins face-off versus Michael Latta in Demolitions zone.
5:06 of 3rd period - Ryan Spooner is hit by Justin Falk and loses puck.
5:41 of 3rd period - Snap shot by Lane MacDermid.
5:41 of 3rd period - Goal by Lane MacDermid - Inferno : 5 - Demolitions : 1.
5:42 of 3rd period - Vladimir Sobotka wins face-off versus Michael Latta in neutral zone.
5:45 of 3rd period - Snap shot by David Savard.
5:45 of 3rd period - Deflect By Kyle Palmieri.
5:45 of 3rd period - Shot Misses the Net.
5:45 of 3rd period - Puck is out of play.
5:46 of 3rd period - Vladimir Sobotka wins face-off versus Michael Latta in Demolitions zone.
5:47 of 3rd period - Wrist shot by Kyle Palmieri.
5:47 of 3rd period - Shot Blocked by Garnet Hathaway.
5:49 of 3rd period - Slapshot by Vladimir Sobotka.
5:49 of 3rd period - Stopped by Karri Ramo with a rebound.
5:55 of 3rd period - Wrist shot by Kyle Palmieri.
5:55 of 3rd period - Shot Misses the Net.
6:19 of 3rd period - Seth Helgeson is hit by Matt Kassian and loses puck.
6:41 of 3rd period - Wrist shot by Matthew Nieto.
6:41 of 3rd period - Shot Blocked by Andrej Nestrasil.
6:43 of 3rd period - Slapshot by Esa Lindell.
6:43 of 3rd period - Stopped by Karri Ramo with a rebound.
6:45 of 3rd period - Slapshot by Matthew Nieto.
6:45 of 3rd period - Stopped by Karri Ramo with a rebound.
7:20 of 3rd period - Wrist shot by Michael Latta.
7:20 of 3rd period - Stopped by Christopher Gibson without a rebound.
7:21 of 3rd period - Michael Latta wins face-off versus Vladimir Sobotka in Inferno zone.
8:03 of 3rd period - Bryan Rust is hit by Michael Latta and loses puck.
8:10 of 3rd period - Wrist shot by Garnet Hathaway.
8:10 of 3rd period - Stopped by Christopher Gibson without a rebound.
8:11 of 3rd period - Vladimir Sobotka wins face-off versus Corban Knight in Inferno zone.
9:11 of 3rd period - Snap shot by Esa Lindell.
9:11 of 3rd period - Deflect By Bryan Rust.
9:11 of 3rd period - Stopped by Karri Ramo with a rebound.
9:29 of 3rd period - Slapshot by Christian Folin.
9:29 of 3rd period - Shot Blocked by Dmitri Orlov.
9:31 of 3rd period - Wrist shot by Oliver Bjorkstrand.
9:31 of 3rd period - Stopped by Karri Ramo without a rebound.
9:32 of 3rd period - Vladimir Sobotka wins face-off versus Garnet Hathaway in Demolitions zone.
9:39 of 3rd period - Snap shot by Jonathan Blum.
9:39 of 3rd period - Shot Blocked by Tanner Pearson.
9:41 of 3rd period - Snap shot by Seth Helgeson.
9:41 of 3rd period - Stopped by Christopher Gibson with a rebound.
9:43 of 3rd period - Snap shot by Michael Latta.
9:43 of 3rd period - Shot Blocked by Tanner Pearson.
9:45 of 3rd period - Slapshot by Seth Helgeson.
9:45 of 3rd period - Shot Blocked by Mathieu Brodeur.
9:47 of 3rd period - Snap shot by Garnet Hathaway.
9:47 of 3rd period - Shot Blocked by Christian Folin.
10:02 of 3rd period - Snap shot by Corban Knight.
10:02 of 3rd period - Shot Misses the Net.
10:04 of 3rd period - Slapshot by Justin Falk.
10:04 of 3rd period - Deflect By Spencer Machacek.
10:04 of 3rd period - Stopped by Christopher Gibson with a rebound.
10:06 of 3rd period - Slapshot by Justin Falk.
10:06 of 3rd period - Shot Blocked by Mathieu Brodeur.
10:16 of 3rd period - Joel Vermin is hit by Victor Rask and loses puck.
10:25 of 3rd period - Snap shot by Matthew Nieto.
10:25 of 3rd period - Stopped by Karri Ramo without a rebound.
10:26 of 3rd period - Vladimir Sobotka wins face-off versus Michael Latta in Demolitions zone.
10:27 of 3rd period - Wrist shot by Kyle Palmieri.
10:27 of 3rd period - Shot Misses the Net.
10:29 of 3rd period - Snap shot by Vladimir Sobotka.
10:29 of 3rd period - Deflect By Jonathan Blum.
10:29 of 3rd period - Shot Misses the Net.
10:29 of 3rd period - Puck is out of play.
10:30 of 3rd period - Michael Latta wins face-off versus Vladimir Sobotka in Demolitions zone.
10:45 of 3rd period - Snap shot by Vladimir Sobotka.
10:45 of 3rd period - Shot Misses the Net.
10:59 of 3rd period - Slapshot by Jonathan Blum.
10:59 of 3rd period - Deflect By Greg Pateryn.
10:59 of 3rd period - Stopped by Christopher Gibson with a rebound.
11:01 of 3rd period - Snap shot by Erik Cole.
11:01 of 3rd period - Shot Blocked by Matthew Nieto.
11:03 of 3rd period - Slapshot by Garnet Hathaway.
11:03 of 3rd period - Deflect By Michael Latta.
11:03 of 3rd period - Stopped by Christopher Gibson with a rebound.
11:13 of 3rd period - Wrist shot by Garnet Hathaway.
11:13 of 3rd period - Shot Misses the Net.
11:23 of 3rd period - Snap shot by Michael Latta.
11:23 of 3rd period - Stopped by Christopher Gibson without a rebound.
11:24 of 3rd period - Corban Knight wins face-off versus Kyle Palmieri in Inferno zone.
11:25 of 3rd period - Wrist shot by Spencer Machacek.
11:25 of 3rd period - Deflect By Corban Knight.
11:25 of 3rd period - Stopped by Christopher Gibson without a rebound.
11:26 of 3rd period - Spencer Machacek wins face-off versus Tanner Pearson in Inferno zone.
11:41 of 3rd period - Snap shot by Brandon McMillan.
11:41 of 3rd period - Shot Misses the Net.
12:16 of 3rd period - Billy Sweat is hit by David Savard and loses puck.
12:31 of 3rd period - Jonathan Blum is hit by Bryan Rust and loses puck.
12:38 of 3rd period - Matt Kassian is hit by Billy Sweat and loses puck.
12:53 of 3rd period - Wrist shot by Billy Sweat.
12:53 of 3rd period - Shot Blocked by Greg Pateryn.
13:39 of 3rd period - Backhand shot by Matt Kassian.
13:39 of 3rd period - Shot Blocked by Robert Bortuzzo.
13:41 of 3rd period - Slapshot by David Savard.
13:41 of 3rd period - Shot Misses the Net.
13:43 of 3rd period - Slapshot by Bryan Rust.
13:43 of 3rd period - Shot Misses the Net.
13:45 of 3rd period - Snap shot by Matt Kassian.
13:45 of 3rd period - Shot Blocked by Robert Bortuzzo.
14:01 of 3rd period - Backhand shot by Anders Lee.
14:01 of 3rd period - Stopped by Karri Ramo without a rebound.
14:02 of 3rd period - Garnet Hathaway wins face-off versus Vladimir Sobotka in Demolitions zone.
14:02 of 3rd period - Garnet Hathaway is hit by Christian Folin.
14:12 of 3rd period - Snap shot by Garnet Hathaway.
14:12 of 3rd period - Shot Hit the Post.
14:28 of 3rd period - Tyler Shattock is hit by Jonathan Blum and loses puck.
14:37 of 3rd period - Matthew Nieto is hit by Spencer Machacek and loses puck.
14:50 of 3rd period - Christian Folin is hit by Lane MacDermid and loses puck.
15:09 of 3rd period - Snap shot by Lane MacDermid.
15:09 of 3rd period - Stopped by Christopher Gibson with a rebound.
16:37 of 3rd period - Icing by Robert Bortuzzo.
16:38 of 3rd period - Michael Latta wins face-off versus Vladimir Sobotka in Demolitions zone.
16:45 of 3rd period - Snap shot by Michael Latta.
16:45 of 3rd period - Shot Misses the Net.
17:04 of 3rd period - Slapshot by Jonathan Blum.
17:04 of 3rd period - Stopped by Christopher Gibson with a rebound.
17:22 of 3rd period - Anders Lee is hit by Spencer Machacek and loses puck.
18:19 of 3rd period - Michael Latta is hit by Kyle Palmieri and loses puck.
18:30 of 3rd period - Oliver Bjorkstrand is hit by Jonathan Blum.
18:48 of 3rd period - Robert Bortuzzo is hit by Matt Kassian and loses puck.
19:01 of 3rd period - Wrist shot by Lane MacDermid.
19:01 of 3rd period - Shot Misses the Net.
19:03 of 3rd period - Slapshot by Justin Falk.
19:03 of 3rd period - Stopped by Christopher Gibson with a rebound.
19:05 of 3rd period - Slapshot by Justin Falk.
19:05 of 3rd period - Shot Blocked by David Savard.
19:07 of 3rd period - Snap shot by Justin Falk.
19:07 of 3rd period - Goal by Justin Falk - Inferno : 5 - Demolitions : 2.
19:08 of 3rd period - Vladimir Sobotka wins face-off versus Michael Latta in neutral zone.
19:11 of 3rd period - Erik Cole is hit by Mathieu Brodeur and loses puck.
19:34 of 3rd period - Anders Lee is hit by Corban Knight and loses puck.
Goals for this period are 0 for Inferno vs 2 for Demolitions.
Shots for this period are 12 for Inferno vs 13 for Demolitions.
Back to the Top